 Dungeon Crawl Stone Soup version 0.23-a0-358-g98c7a59 (webtiles) character file.

11 Cryolive the Digger (level 2, 3/15 HPs)
             Began as a Gargoyle Earth Elementalist on Oct 22, 2018.
             Quit the game on level 1 of the Dungeon.
             The game lasted 00:01:37 (120 turns).

Cryolive the Digger (Gargoyle Earth Elementalist)    Turns: 120, Time: 00:01:38

Health: 3/15       AC:  4    Str: 11    XL:     2   Next: 29%
Magic:  2/5        EV: 12    Int: 15    God:
Gold:   8          SH:  0    Dex: 10    Spells: 4/5 levels left

rFire    . . .     SeeInvis .   f - -2 whip (curse)
rCold    . . .     Gourm    .   (no shield)
rNeg     + . .     Faith    .   c - +0 robe
rPois    ∞         Spirit   .   (no helmet)
rElec    +         Reflect  .   (no cloak)
rCorr    .         Harm     .   (no gloves)
MR       .....                  (no boots)
Stlth    ++........             (no amulet)
HPRegen  0.05/turn              (no ring)
MPRegen  0.09/turn              (no ring)

@: no status effects
A: negative energy resistance 1, electricity resistance, unbreathing,
petrification resistance, rot immunity, AC +2
a: no special abilities


You were on level 1 of the Dungeon.
You were not hungry.

You visited 1 branch of the dungeon, and saw 1 of its levels.

You collected 8 gold pieces.

Inventory:

Hand Weapons
 f - a cursed -2 whip (weapon)
 g - a +0 whip
Missiles
 b - 27 stones (quivered)
Armour
 c - a +0 robe (worn)
Scrolls
 a - a scroll of identify {unknown}
 e - a scroll of teleportation {unknown}
Comestibles
 d - a ration


   Skills:
 + Level 1.7 Dodging
 + Level 2.4 Stealth
 + Level 2.0 Spellcasting
   Level 0.7 Transmutations
 + Level 4.1 Earth Magic


You had 4 spell levels left.
You knew the following spells:

 Your Spells              Type           Power        Failure   Level  Hunger
a - Sandblast             Erth           ##....       4%          1    #......

Your spell library contained the following spells:

 Spells                   Type           Power        Failure   Level  Hunger
 Passwall                 Tmut/Erth      #.......     12%         2    ###....
 Stone Arrow              Conj/Erth      #.....       28%         3    ###....
 Petrify                  Tmut/Erth      #.......     63%         4    #####..
 Lee's Rapid Deconstruct  Erth           ##........   75%         5    ######.


Dungeon Overview and Level Annotations

Branches:
Dungeon (1/15)

Altars:


Innate Abilities, Weirdness & Mutations

You are resistant to torment.
Your stone body is resilient. (AC +2)
You are immune to poison.
You resist negative energy. (rN+)
You are resistant to electric shocks. (rElec)
You can survive without breathing.
You are immune to petrification.
You are immune to rotting.


Message History

Ye kill tha goblin!
Found 9 gold pieces.
Items 'ere: ) ? †† a +0 dagger; a scroll labeled PASMIO GUUGE; a goblin corpse; a dart slug corpse A goblin comes inta view.
It be wieldin' a +0 club.
Castin': Sandblast (safe; 4% risk o' failure) Confirm wit' . or Enter, or press ? or * ta list all spells.
Aimin': Sandblast (safe; 4% risk o' failure)
Press: ? - help, Shift-Dir - straight line, f - goblin
Aim: a goblin, wieldin' a +0 club Tha blast o' sand hits tha goblin.
Ye kill tha goblin!
b - 27 stones Ye see 'ere a run'd whip.
f - a run'd whip It sticks ta yer hand!
f - a cursed -2 whip (weapon)
Qui'er which item? (- fer none, * ta show all) (? fer menu, 'sc ta quit) Okay, than.
Be ye sure ye want ta abandon 'tis character an' quit tha game? (Confirm wit'

.........$# #.#
#..........######.####
#..........#.........##
#......................
#..................).?.
##.......)..#......#####
............#......#
.......[....#..#..>#
.......@....>#...###P♣.
..##########.....# #...♣
#..#.## #...P
######..#..# #....
#........#.#


#PPPP #.....##...# ..P. #.....###..####### #.....# #.)†...†.. #.....# ####.†..).
There were no monsters in sight!

Vanquished Creatures
  A dart slug (D:1)
  2 bats (D:1)
  3 goblins (D:1)
  3 kobolds (D:1)
  A rat (D:1)
10 creatures vanquished.

Notes
Turn   | Place    | Note
-------+----------+-------------------------------------------
     0 | D:1      | Cryolive the Gargoyle Earth Elementalist began the quest
                  | for the Orb.
     0 | D:1      | Reached XP level 1. HP: 10/10 MP: 3/3
    51 | D:1      | Reached skill level 4 in Earth Magic
    94 | D:1      | Reached XP level 2. HP: 4/15 MP: 1/5
   120 | D:1      | Quit the game

Vault maps used:
D:1:      minmay_arrival_arboretum_small, minmay_unequal

Skill      XL: |  1 |
---------------+----+-----
Earth Magic    | 4 |  4.1
Dodging        | |  1.7
Stealth        | |  2.4
Spellcasting   | |  2.0
Transmutations | |  0.7

Action                   || total
-------------------------++-------
Melee: Short sword       ||    14
       Whip              ||     4
 Cast: Sandblast         ||     6
Armor: Robe              ||     8
Dodge: Dodged            ||    15

Table legend:
 A = Non-vault XP
 B = Vault XP
 C = Vault XP percentage of total XP
 D = Non-vault monster count
 E = Vault monster count
 F = Vault count percentage of total count
                 A         B        C        D         E       F
            +---------+---------+-------+---------+---------+-------
      Total |      17 |       0 |   0.0 |      10 |       0 |   0.0
            +---------+---------+-------+---------+---------+-------
        D:1 |      17 |       0 |   0.0 |      10 |       0 |   0.0
            +---------+---------+-------+---------+---------+-------
